 Dungeon Crawl Stone Soup version 0.25.0-37-gb73750e0fb (webtiles) character file.

Game seed: 787637238859098323

345 KleinerIrrer the Gusty (level 6, 0/41 HPs)
             Began as a Demonspawn Air Elementalist on July 8, 2020.
             Slain by an orc
             ... wielding a +0 hand axe
              (6 damage)
             ... on level 3 of the Dungeon.
             The game lasted 00:13:00 (4281 turns).

KleinerIrrer the Gusty (DsAE)                       Turns: 4281, Time: 00:13:00

Health: 0/41       AC:  5    Str:  8    XL:     6   Next: 32%
Magic:  9/12       EV: 12    Int: 19    God:
Gold:   196        SH:  0    Dex: 13    Spells: 3/14 levels left

rFire    + . .     SeeInvis .   g - +2 dagger (venom)
rCold    . . .     Gourm    .   (no shield)
rNeg     . . .     Faith    .   a - +0 robe
rPois    .         Spirit   .   (no helmet)
rElec    .         Reflect  .   p - +0 cloak
rCorr    .         Harm     .   (no gloves)
MR       .....                  (no boots)
Stlth    ++........             (no amulet)
HPRegen  0.13/turn              (no ring)
MPRegen  0.13/turn              (no ring)

@: no status effects
A: talons 1, icy blue scales 1, fire resistance 1
a: no special abilities


You were on level 3 of the Dungeon.
You were not hungry.

You visited 1 branch of the dungeon, and saw 4 of its levels.

You collected 196 gold pieces.

Inventory:

Hand Weapons
 e - a +2 dagger of speed
 g - a +2 dagger of venom (weapon)
Missiles
 f - 141 stones (quivered)
 r - 7 boomerangs
Armour
 a - a +0 robe (worn)
 p - a +0 cloak (worn)
Jewellery
 s - an uncursed ring of ice
Wands
 v - a wand of digging (2)
Scrolls
 i - a scroll of teleportation
 j - a scroll of blinking {unknown}
 k - a scroll of magic mapping {unknown}
 m - a scroll of identify
 o - a scroll of enchant armour {unknown}
 q - a scroll of remove curse {unknown}
 t - a scroll of immolation {unknown}
Potions
 b - a potion of heal wounds
 d - 2 potions of stabbing
 h - 3 potions of might
 l - a potion of curing {unknown}
 n - a potion of mutation {unknown}
 u - a potion of lignification {unknown}
 w - a potion of brilliance {unknown}
Comestibles
 c - 8 rations


   Skills:
 + Level 2.3 Dodging
 - Level 1.7 Stealth
 + Level 4.5 Spellcasting
 + Level 1.2 Conjurations
 + Level 4.7 Air Magic


You had 3 spell levels left.
You knew the following spells:

 Your Spells              Type           Power        Failure   Level  Hunger
a - Shock                 Conj/Air       ###.         3%          1    None
b - Swiftness             Chrm/Air       ##......     8%          2    #......
c - Static Discharge      Conj/Air       ###.....     12%         3    ###....
d - Call Imp              Summ           #.......     21%         2    #......
e - Mephitic Cloud        Conj/Pois/Air  ##......     17%         3    ###....

Your spell library contained the following spells:

 Spells                   Type           Power        Failure   Level  Hunger
 Magic Dart               Conj           #...         8%          1    None
 Blink                    Tloc           N/A          21%         2    #......
 Slow                     Hex            #.......     21%         2    #......
 Conjure Flame            Conj/Fire      #.......     30%         3    ###....
 Airstrike                Air            ###.......   19%         4    ####...
 Lightning Bolt           Conj/Air       ###.......   71%         5    ######.


Dungeon Overview and Level Annotations

Branches:
Dungeon (4/15)
 Temple: D:4-7

Altars:

Annotations:
D:1 exclusion: downstairs
D:4 Menkaure


Innate Abilities, Weirdness & Mutations

You have sharp toenails.
You are partially covered in icy blue scales. (AC +2)
Your flesh is heat resistant. (rF+)


Message History

An orc comes into view.
There is an escape hatch in the ceiling here.
Menkaure casts a spell at you. Pain shoots through your body!
* * * LOW HITPOINT WARNING * * *
The orc misses you. A mysterious force pulls you upwards.
The hatch slams shut behind you.
Casting: Shock (safe; 3% risk of failure)
Confirm with . or Enter, or press ? or * to list all spells.
Aiming: Shock (safe; 3% risk of failure)
Press: ? - help, Shift-Dir - straight line The zap hits the orc.
The orc is moderately wounded.
The zap misses the orc.
The orc hits you but does no damage.
Casting: Shock (safe; 3% risk of failure)
Confirm with . or Enter, or press ? or * to list all spells.
Aiming: Shock (safe; 3% risk of failure)
Press: ? - help, Shift-Dir - straight line The zap misses the orc. x2; The orc hits you with a +0 hand axe.
You die...

####...#..########...#
#........###.........#
#...............#..###
#........######......>
##.......########.....
##................###
##...(.#########.##
#...>...# #......###
#...@o..# #......#..
#.......# #.........
##.....## #......#.<
##...## #......###
##### #<.....#
#......# ########


You could see an orc.

Vanquished Creatures
  An ogre (D:2)
  An orc priest (D:4)
  Natasha (twice) (D:3)
  4 gnolls (D:2)
  3 adders
  A worm (D:3)
  3 dart slugs
  A leopard gecko (D:2)
  4 orcs
  8 bats
  6 giant cockroaches
  14 goblins
  6 hobgoblins
  A quokka (D:3)
  2 ball pythons
  5 frilled lizards
  5 kobolds
  10 rats
77 creatures vanquished.

Vanquished Creatures (collateral kills)
  Natasha (D:3)
  A worm (D:3)
  A goblin (D:3)
3 creatures vanquished.

Grand Total: 80 creatures vanquished

Notes
Turn   | Place    | Note
-------+----------+-------------------------------------------
     0 | D:1      | KleinerIrrer the Demonspawn Air Elementalist began the
                  | quest for the Orb.
     0 | D:1      | Reached XP level 1. HP: 13/13 MP: 3/3
   526 | D:1      | Gained mutation: Your flesh is heat resistant. (rF+)
                  | [demonic ancestry]
   526 | D:1      | Reached XP level 2. HP: 19/19 MP: 3/5
   680 | D:1      | Learned a level 2 spell: Swiftness
  1191 | D:1      | Reached XP level 3. HP: 24/24 MP: 3/6
  2396 | D:2      | Reached XP level 4. HP: 30/30 MP: 1/8
  2468 | D:2      | Noticed an ogre
  2630 | D:2      | Killed an ogre
  2630 | D:2      | Gained mutation: You are partially covered in icy blue
                  | scales. (AC +2) [demonic ancestry]
  2630 | D:2      | Reached XP level 5. HP: 35/35 MP: 4/10
  3235 | D:3      | Noticed Natasha
  3254 | D:3      | Learned a level 3 spell: Static Discharge
  3257 | D:3      | Learned a level 2 spell: Call Imp
  3263 | D:3      | Killed Natasha
  3295 | D:3      | Noticed Natasha
  3410 | D:3      | Killed Natasha
  3557 | D:3      | Gained mutation: You have sharp toenails. [demonic
                  | ancestry]
  3557 | D:3      | Reached XP level 6. HP: 41/41 MP: 7/12
  3659 | D:3      | Noticed Natasha
  3663 | D:3      | Killed Natasha
  3875 | D:2      | Learned a level 3 spell: Mephitic Cloud
  4266 | D:4      | Noticed Menkaure
  4281 | D:3      | Slain by an orc

Illustrated notes

Levels and vault maps discovered:
D:1:      dpeg_arrival_concentric_ovals, layout_basic
D:2:      kb_forest_paths, layout_basic
D:3:      layout_rooms, first_ration, uniq_natasha
D:4:      cheibrodos_thug_alley, layout_gridville, nicolae_ossuary_entry_plus,
          uniq_menkaure

Skill      XL: |  1  2  3  4  5 |
---------------+----------------+-----
Air Magic      | 3 4 |  4.7
Dodging        | 2 |  2.3
Spellcasting   | 3 4 |  4.5
Stealth        | |  1.7
Conjurations   | |  1.2

Action                   |  1- 3 |  4- 6 || total
-------------------------+-------+-------++-------
Melee: Dagger            |     6 |    30 ||    36
       Kick              |       |     1 ||     1
Throw: Stone             |     1 |       ||     1
 Cast: Shock             |    78 |    94 ||   172
       Call Imp          |       |     1 ||     1
  Use: Scroll            |       |     4 ||     4
  Eat: Chunk             |     5 |     6 ||    11
Armor: Robe              |     4 |    10 ||    14
Dodge: Dodged            |    10 |    19 ||    29
